AoeStats
← C.C.

Pilgrims

509257030Analyzed
3v3 RM · 6d ago on Sep 26, 2026· 20m 35s· 6 players
Game mode
Random Map
Map size
Normal (6 player)
Population
200
Speed
Normal
Resources
Standard
Victory
Conquest
Starting age
Dark Age
Ending age
Imperial Age
RankedLock teamsTeams togetherTeam positionsShared explorationLock speedFull tech treeHidden civsTurbo modeCheats
Victory
Defeat
🇹🇼 Spanish · Taiwan
1441
+17
🇨🇳 Danes · China
1329
+21
🇦🇷 Lithuanians · Argentina
1320
+22
🇲🇽 Malians · Mexico
1467
-21
🇲🇽 Danes · Mexico
1454
-20
🇲🇽 Varangians · Mexico
1427
-19
apple6206ha
3:09 Loom
10:46 Feudal Age
14:40 Castle Age
13:04 Double-Bit Axe
14:43 Gold Mining
20:07 Husbandry
20:42 Padded Archer Armor
C.C.
8:08 Loom
10:08 Feudal Age
10:52 Double-Bit Axe
18:44 Castle Age
17:15 Stone Mining
19:41 Medium Warships
KingCobraCar
3:24 Loom
Juan Nieves
5:13 Loom
14:50 Feudal Age
JL8470
7:46 Loom
9:57 Feudal Age
14:49 Castle Age
Quique 13
10:29 Feudal Age
9:41 Loom
12:05 Double-Bit Axe
12:44 Fishing Lines
Connection lost

Rejoining the realm…

Still unreachable

The connection could not be restored.

Session expired

The server has moved on; the page needs a fresh start.